 Dungeon Crawl Stone Soup version 0.22.0-27-ga576289 (webtiles) character file.

23745 shmeve the Fighter (level 12, -43/169 HPs)
             Began as a Minotaur Berserker on Aug 22, 2018.
             Was a High Priest of Trog.
             Annihilated by a titanic slime creature (90 damage)
             ... on level 12 of the Dungeon.
             The game lasted 00:33:50 (12643 turns).

shmeve the Fighter (Minotaur Berserker)            Turns: 12643, Time: 00:33:50

Health: -43/169    AC: 25    Str: 37    XL:     12   Next: 74%
Magic:  11/11      EV: 10    Int:  6    God:    Trog [*****.]
Gold:   644        SH: 14    Dex:  9    Spells: 11/11 levels left

rFire    . . .     SeeInvis .   u - +3 hand axe "Cuw Wek" {protect, +Inv Int+2}
rCold    . . .     Gourm    .   A - +0 shield
rNeg     . . .     Faith    +   x - +0 plate armour
rPois    .         Spirit   .   (helmet restricted)
rElec    .         Reflect  .   G - +2 cloak
rCorr    .         Harm     .   J - +0 pair of gloves
MR       .....                  (no boots)
Stlth    ..........             s - amulet of faith
HPRegen  0.38/turn              I - +4 ring of strength
MPRegen  0.12/turn              (no ring)

@: berserking, protection aura, very quick
A: retaliatory headbutt, horns 2
a: Berserk, Trog's Hand, Brothers in Arms, Renounce Religion, Evoke Invisibility


You were on level 12 of the Dungeon.
You worshipped Trog.
Trog was extremely pleased with you.
You were hungry.

You visited 2 branches of the dungeon, and saw 13 of its levels.
You also visited: Sewer.

You collected 644 gold pieces.

Inventory:

Hand Weapons
 u - the +3 hand axe "Cuw Wek" (weapon) {protect, +Inv Int+2}
   (Trog gifted it to you on level 10 of the Dungeon)

   It protects the one who uses it against injury (+AC on strike).
   It affects your intelligence (+2).
   It lets you turn invisible.
Missiles
 a - 6 javelins (quivered)
 H - 2 throwing nets
Armour
 x - a +0 plate armour (worn)
 A - a +0 shield (worn)
 G - a +2 cloak (worn)
 J - a +0 pair of gloves (worn)
Jewellery
 s - an amulet of faith (around neck)
 I - a +4 ring of strength (left hand)
Wands
 t - a wand of digging (17)
 E - a wand of disintegration (17)
Scrolls
 b - 3 scrolls of fear
 e - 10 scrolls of identify
 f - 3 scrolls of remove curse
 g - 8 scrolls of teleportation {unknown}
 h - 2 scrolls of fog {unknown}
 l - 2 scrolls of immolation {unknown}
 n - a scroll of noise {unknown}
 p - 4 scrolls of enchant weapon {unknown}
 q - 3 scrolls of magic mapping {unknown}
 w - 2 scrolls of brand weapon {unknown}
 y - 3 scrolls of amnesia {unknown}
Potions
 d - 3 potions of brilliance
 i - 9 potions of curing
 j - 2 potions of berserk rage
 k - a potion of haste
 o - a potion of lignification {unknown}
 r - 2 potions of invisibility {unknown}
 v - a potion of ambrosia {unknown}
 z - 2 potions of heal wounds {unknown}
 B - a potion of magic {unknown}
 C - a potion of cancellation {unknown}
 D - 3 potions of might {unknown}
 F - 2 potions of flight {unknown}
Comestibles
 c - 34 rations


   Skills:
 * Level 12.5 Fighting
 * Level 12.4 Axes
 * Level 8.3 Throwing
 + Level 7.4 Armour
 + Level 6.7 Dodging
 * Level 12.1 Shields


You had 11 spell levels left.
You didn't know any spells.
Your spell library was empty.

Dungeon Overview and Level Annotations

Branches:
Dungeon (12/15)            Temple (1/1) D:5            Lair (0/6) D:11
    Orc (0/2) D:9

Altars:
Trog
Xom

Shops:
D:11 [


Innate Abilities, Weirdness & Mutations

You reflexively headbutt those who attack you in melee.
You have a pair of horns on your head.


Message History

You slice the titanic slime creature!!
You headbutt the titanic slime creature!!
The titanic slime creature is heavily wounded.
You slash the titanic slime creature!
The titanic slime creature is heavily wounded.
The titanic slime creature hits you!!!!
Ouch! That really hurt!
* * * LOW HITPOINT WARNING * * *
You slice the titanic slime creature!!
The titanic slime creature is heavily wounded.
You slash the titanic slime creature!
The titanic slime creature is severely wounded.
You block the titanic slime creature's attack.
You slash the titanic slime creature!
The titanic slime creature is severely wounded.
You slice the titanic slime creature!!
The titanic slime creature is severely wounded.
The titanic slime creature hits you!!!!
Ouch! That really hurt!
You die...

#.# ..# #.# #.# #.# #J#
#J# ## #####@### #.
#.......# #######.
#.......# #.....#. ###
##.......#######.....#.
#..
..........'.............
#.#
###.......#######.....##
###.# #.......# #.....#
#...# #.......# ##.....#
...[+ #.......# #....###


You could see a titanic slime creature and a slime creature.

Vanquished Creatures
  3 death yaks (D:11)
  An orc knight (D:11)
  An orc sorcerer (D:11)
  4 ugly things
  A manticore (D:12)
  Maurice (D:8)
  Psyche (D:8)
  A gargoyle (D:9)
  A queen bee (D:11)
  3 trolls
  Prince Ribbit (D:8)
  2 hornets
  5 yaks (D:11)
  3 wyverns
  2 hungry ghosts
  2 soldier ants (D:8)
  An acid dragon (D:12)
  A water moccasin (D:10)
  2 porcupines (D:11)
  Duvessa (D:4)
  4 ice beasts
  6 orc warriors
  A necrophage (D:6)
  2 black bears
  An eye of draining (D:10)
  A phantom (D:6)
  3 sky beasts
  6 ogres
  A crocodile (D:10)
  3 centaurs
  Blork the orc (D:4)
  7 big kobolds
  3 bullfrogs
  A gnoll sergeant (D:10)
  A water moccasin zombie (D:6)
  Dowan (D:4)
  2 scorpions
  48 killer bees
  4 howler monkeys
  An electric eel (D:10)
  4 centaur zombies
  6 crimson imps
  4 jellies
  7 orc priests
  5 hounds
  7 orc wizards
  A centaur skeleton (D:10)
  5 iguanas
  3 bullfrog skeletons
  Natasha (thrice) (D:4)
  5 worker ants
  2 hound zombies
  A worker ant zombie (D:11)
  4 gnolls (D:10)
  4 river rats
  14 adders
  2 shadow imps
  3 oozes
  An adder skeleton (D:7)
  10 worms
  3 dart slugs
  6 leopard geckos
  34 orcs
  5 bats
  4 giant cockroaches
  6 goblins
  7 hobgoblins
  11 jackals
  5 quokkas
  5 ball pythons
  5 frilled lizards
  A jackal zombie (D:8)
  30 kobolds
  3 quokka skeletons
  A quokka zombie (D:5)
  11 rats
362 creatures vanquished.

Notes
Turn   | Place    | Note
-------+----------+-------------------------------------------
     0 | D:1      | shmeve the Minotaur Berserker began the quest for the Orb.
     0 | D:1      | Reached XP level 1. HP: 19/19 MP: 0/0
   279 | D:1      | Reached XP level 2. HP: 10/27 MP: 1/1
   738 | D:1      | Reached skill level 1 in Throwing
  1225 | D:2      | Reached XP level 3. HP: 24/33 MP: 2/2
  1497 | D:2      | Reached ** piety under Trog
  1974 | D:3      | Reached XP level 4. HP: 38/40 MP: 3/3
  2659 | D:4      | Noticed Blork the orc
  2669 | D:4      | Killed Blork the orc
  2669 | D:4      | Reached XP level 5. HP: 32/47 MP: 4/4
  2673 | D:4      | Reached skill level 5 in Fighting
  2673 | D:4      | Reached skill level 5 in Axes
  2929 | D:4      | Noticed Natasha
  2941 | D:4      | Killed Natasha
  2941 | D:4      | Reached XP level 6. HP: 35/56 MP: 5/5
  3118 | D:4      | Noticed Dowan
  3119 | D:4      | Noticed Duvessa
  3133 | D:4      | Killed Duvessa
  3133 | D:4      | Reached *** piety under Trog
  3139 | D:4      | Killed Dowan
  3285 | D:4      | Noticed Natasha
  3295 | D:4      | Killed Natasha
  3303 | D:4      | Noticed Natasha
  3313 | D:4      | Killed Natasha
  3428 | D:5      | Entered Level 5 of the Dungeon
  3438 | D:5      | Reached XP level 7. HP: 59/62 MP: 6/6
  3675 | D:5      | Reached XP level 8. HP: 30/71 MP: 7/7
  3865 | D:5      | Found a staircase to the Ecumenical Temple.
  3880 | Temple   | Entered the Ecumenical Temple
  3974 | D:5      | Found a shimmering altar of Xom.
  4327 | D:6      | Reached skill level 5 in Throwing
  4327 | D:6      | Reached skill level 5 in Armour
  4465 | D:6      | Found a glowing drain.
  4476 | Sewer    | Entered a sewer
  4705 | Sewer    | Reached **** piety under Trog
  5002 | Sewer    | Reached XP level 9. HP: 81/81 MP: 8/8
  5839 | D:7      | Reached skill level 5 in Dodging
  5890 | D:7      | Noticed a moth of wrath
  5893 | D:7      | Found a bloodstained altar of Trog.
  6394 | D:7      | Reached skill level 1 in Shields
  6563 | D:8      | Noticed Psyche
  6569 | D:8      | Killed Psyche
  6636 | D:8      | Reached skill level 5 in Shields
  7216 | D:8      | Noticed Maurice
  7246 | D:8      | Killed Maurice
  7289 | D:8      | Reached XP level 10. HP: 89/90 MP: 9/9
  7420 | D:8      | Noticed Prince Ribbit
  7554 | D:8      | Killed Prince Ribbit
  7698 | D:9      | Reached ***** piety under Trog
  7756 | D:9      | Noticed a gargoyle
  7765 | D:9      | Killed a gargoyle
  7765 | D:9      | Reached skill level 10 in Shields
  8403 | D:9      | Found a staircase to the Orcish Mines.
  8437 | D:10     | Entered Level 10 of the Dungeon
  9222 | D:10     | Received a gift from Trog
  9575 | D:10     | Reached XP level 11. HP: 76/102 MP: 10/10
 10032 | D:10     | Received a gift from Trog
 10067 | D:10     | Got a brightly glowing hand axe {god gift}
 10068 | D:10     | Identified the +3 hand axe "Cuw Wek" {protect, +Inv Int+2} (Trog gifted it to you on level 10 of the Dungeon)
 10146 | D:11     | Found a staircase to the Lair.
 10146 | D:11     | Noticed a death yak
 10146 | D:11     | Noticed a death yak
 10147 | D:11     | Noticed a death yak
 10164 | D:11     | Killed a death yak
 10164 | D:11     | Reached XP level 12. HP: 42/110 MP: 11/11
 10165 | D:11     | Killed a death yak
 10165 | D:11     | Killed a death yak
 10908 | D:11     | Found Culoovos's Armour Emporium.
 11325 | D:11     | Received a gift from Trog
 11961 | D:12     | Reached ****** piety under Trog
 12643 | D:12     | Annihilated by a titanic slime creature

Skill      XL: |  1  2  3  4  5  6  7  8  9 10 11 12 |
---------------+-------------------------------------+-----
Throwing       | 1 2 3 4 5 6 7 8 |  8.3
Axes           | 4 5 6 7 8 11 12 | 12.4
Fighting       | 4 5 6 7 8 11 12 | 12.5
Armour         | 3 4 5 6 7 |  7.4
Dodging        | 3 4 5 6 |  6.7
Shields        | 8 11 12 | 12.1

Action                   |  1- 3 |  4- 6 |  7- 9 | 10-12 || total
-------------------------+-------+-------+-------+-------++-------
Melee: Hand axe          |    80 |    93 |   373 |   593 ||  1139
       Headbutt          |     5 |    22 |    69 |   108 ||   204
Throw: Tomahawk          |     1 |     8 |     7 |    24 ||    40
       Javelin           |       |       |       |    10 ||    10
Invok: Berserk           |     1 |     1 |     3 |    12 ||    17
       Trog's Hand       |       |     1 |     3 |     3 ||     7
  Use: Scroll            |       |       |     2 |     4 ||     6
       Potion            |       |       |       |     1 ||     1
  Eat: Chunk             |     4 |     6 |    17 |    22 ||    49
       Ration            |       |       |       |     5 ||     5
Armor: Animal skin       |     9 |       |       |       ||     9
       Scale mail        |    33 |     1 |       |       ||    34
       Chain mail        |       |    42 |   101 |       ||   143
       Plate armour      |       |       |    81 |   304 ||   385
Dodge: Dodged            |    46 |    57 |   177 |   163 ||   443
Block: Shield            |       |       |    18 |   408 ||   426
